 Dungeon Crawl Stone Soup version 0.28.0-53-g5a82cb258f (webtiles) character file.

Game seed: 1778620732345972041

30 Tirrikindir the Ducker (level 3, -1/26 HPs)
             Began as an Octopode Fighter on Aug 16, 2022.
             Slain by a goblin
             ... wielding a +0 club
             ... led by Robin
              (4 damage)
             ... on level 2 of the Dungeon.
             The game lasted 00:02:17 (1082 turns).

Tirrikindir the Ducker (Octopode Fighter)           Turns: 1082, Time: 00:02:18

Health: -1/26      AC:  1    Str: 15    XL:     3   Next: 20%
Magic:  3/3        EV: 13    Int: 10    God:
Gold:   94         SH:  4    Dex: 13    Spells: 2/2 levels left

rFire   . . .      SeeInvis .   a - +0 long sword
rCold   . . .      Faith    .   b - +0 buckler
rNeg    . . .      Spirit   .   (helmet restricted)
rPois   .          Reflect  .   (no amulet)
rElec   .          Harm     .   e - ring of resist corrosion
rCorr   +          Rampage  .   (no ring)
Will    .....                   (no ring)
Stlth   +++.......              (no ring)
HPRegen 0.08/turn               (no ring)
MPRegen 0.08/turn               (no ring)
                                (no ring)
                                (no ring)

@: mighty
A: almost no armour, amphibious, 8 rings, camouflage 1, gelatinous body 1,
(nimble swimmer 1), tentacles
a: no special abilities


You were on level 2 of the Dungeon.
You visited 1 branch of the dungeon, and saw 2 of its levels.

You collected 94 gold pieces.

Inventory:

Hand Weapons
 a - a +0 long sword (weapon)
Armour
 b - a +0 buckler (worn)
Jewellery
 d - an amulet of faith
 e - a ring of resist corrosion (left tentacle)
Scrolls
 f - a scroll of identify {unknown}
Potions
 g - a potion of curing {unknown}
 h - a potion of brilliance {unknown}


   Skills:
 + Level 3.2 Fighting
 * Level 2.7 Long Blades
 + Level 3.2 Dodging
 + Level 1.3 Stealth
 + Level 3.1 Shields


You had 2 spell levels left.
You didn't know any spells.
Your spell library was empty.

Dungeon Overview and Level Annotations

Branches:
Dungeon (2/15)

Altars:

Annotations:
D:2 Robin


Innate Abilities, Weirdness & Mutations

You cannot wear most types of armour.
You are amphibious.
You can wear up to eight rings at the same time.
Your skin changes colour to match your surroundings (Stealth+).
Your rubbery body absorbs attacks. (AC +1, EV +1)
((You are camouflaged when in or above water. (Stealth+)))
You have tentacles for arms and can constrict up to eight enemies at once.


Message History

The goblin is severely wounded.
You constrict the goblin.
You kill the goblin!
You hit the goblin. You grab the goblin.
You squeeze the goblin, but do no damage.
The goblin is moderately wounded.
You constrict the goblin. The goblin hits you with a +0 club.
You block the goblin's attack.
Robin roars a battlecry!
You hear a shout!
You release your grip on the goblin.
Robin points. "Kill!"
Robin throws the goblin at you! The goblin closely misses you.
The goblin closely misses you.
The goblin no longer looks unusually strong. 2 goblins come into view.
The hobgoblin no longer looks unusually strong.
The hobgoblin barely misses you.
The goblin moves out of view. x2
You hit the hobgoblin. Your grab misses the hobgoblin.
The hobgoblin is heavily wounded.
You block the hobgoblin's attack. The goblin hits you with a +0 club.
You completely miss the hobgoblin. Your grab misses the hobgoblin.
You squeeze the hobgoblin.
You kill the hobgoblin!
The hobgoblin no longer looks unusually strong.
You slash the goblin!
You kill the goblin!
You block the goblin's attack. The goblin closely misses you.
You feel very mighty all of a sudden.
The goblin no longer looks unusually strong. x2
The goblin hits you with a +0 dagger. The goblin hits you with a +0 club.
You barely miss the goblin. Your grab misses the goblin.
The hobgoblin no longer looks unusually strong.
The goblin misses you. You block the goblin's attack.
The goblin hits you with a +0 dagger.
* * * LOW HITPOINT WARNING * * *
You block the goblin's attack. The goblin hits you with a +0 club.
* * * LOW HITPOINT WARNING * * *
The goblin hits you with a +0 club.
You die...

.. .. .
.###......... ...
.. ......... ....
#.#........
.....#...#.....#+#
.....#..##.#...#.
.......g......>.
#gg##.#.#.#
#.g.#)#@#.#
#.#)#gggg.#
...#g###.#.#
##+####..##g..#
.........gg...#
..............#
..............#
..............#
..............#


You could see 2 hobgoblins and 4 goblins.

Vanquished Creatures
  An adder (D:2)
  A dart slug (D:2)
  A giant cockroach (D:1)
  9 goblins
  2 hobgoblins
  2 bats
  A frilled lizard (D:1)
  A kobold (D:1)
  A rat (D:1)
19 creatures vanquished.

Notes
Turn   | Place    | Note
-------+----------+-------------------------------------------
     0 | D:1      | Tirrikindir the Octopode Fighter began the quest for the
                  | Orb.
     0 | D:1      | Reached XP level 1. HP: 16/16 MP: 1/1
   396 | D:1      | Reached XP level 2. HP: 18/21 MP: 2/2
   940 | D:2      | Reached skill level 1 in Stealth
   948 | D:2      | Reached XP level 3. HP: 17/26 MP: 3/3
  1062 | D:2      | Noticed Robin
  1082 | D:2      | Slain by a goblin

Illustrated notes

Levels and vault maps discovered:
D:1:      dpeg_arrival_windows_large_door, layout_loops_corners, grunt_decor_cap
D:2:      minmay_razor_zed, layout_basic, uniq_robin

Skill      XL: |  1  2 |
---------------+-------+-----
Stealth        | 1 |  1.3
Fighting       | |  3.2
Long Blades    | |  2.7
Dodging        | |  3.2
Shields        | |  3.1

Action                   || total
-------------------------++-------
Melee: Long sword        ||    32
       Tentacles         ||     9
       Constrict         ||     8
  Use: Scroll            ||     1
       Potion            ||     1
 Stab: Sleeping          ||     5
Armor: Skin              ||     2
Dodge: Dodged            ||    15
Block: Buckler           ||    10
